 Dungeon Crawl Stone Soup version 0.29-a0-334-gb41bcbb86e (webtiles) character file.

Game seed: 9593522944546219474

3089 jlumianski the Cleaver (level 9, -3/69 HPs)
             Began as a Demonspawn Fighter on Apr 14, 2022.
             Was a Priest of Qazlal.
             Slain by a boulder beetle (20 damage)
             ... on level 7 of the Dungeon.
             The game lasted 00:24:03 (6656 turns).

jlumianski the Cleaver (Demonspawn Fighter)         Turns: 6656, Time: 00:24:04

Health: -3/69      AC: 21    Str: 21    XL:     9   Next: 59%
Magic:  9/9        EV: 11    Int:  9    God:    Qazlal [***...]
Gold:   380        SH:  9    Dex: 13    Spells: 8/8 levels left

rFire   . . .      SeeInvis .   a - +1 war axe
rCold   . . .      Faith    .   c - +0 buckler
rNeg    . . .      Spirit   .   D - +0 plate armour
rPois   .          Reflect  .   m - +1 helmet
rElec   .          Harm     .   (no cloak)
rCorr   .          Rampage  .   (no gloves)
Will    .....                   o - +0 pair of boots
Stlth   ..........              (no amulet)
HPRegen 0.21/turn               u - +4 ring of protection
MPRegen 0.11/turn               (no ring)

@: mighty, agile
A: hooves 2, powered by pain 3, spiny 2, sharp scales 1
a: Renounce Religion, Upheaval, Elemental Force


You were on level 7 of the Dungeon.
You worshipped Qazlal.
Qazlal was most pleased with you.
You visited 2 branches of the dungeon, and saw 8 of its levels.
You also visited: Ossuary.

You collected 380 gold pieces.

Inventory:

Hand Weapons
 a - a +1 war axe (weapon)
 d - a +1 dagger of draining
 h - a +1 dagger of venom
 t - the +7 dagger "Hokatet" {vorpal, rC+ Int+4 Dex+3}
   (You found it on level 2 of the Dungeon)

   It inflicts extra damage upon your enemies.
   Int:       It affects your intelligence (+4).
   Dex:       It affects your dexterity (+3).
   rC:        It protects you from cold.
 y - a +0 hand crossbow
 A - a +2 whip of draining
 F - a +0 lajatang
 H - a +0 hand axe of flaming
Missiles
 i - 230 stones (quivered)
 x - 13 poisoned darts
 G - 2 curare-tipped darts
Armour
 b - a +0 scale mail
 c - a +0 buckler (worn)
 m - a +1 helmet (worn)
 o - a +0 pair of boots (worn)
 z - a +0 pair of boots
 B - a +0 chain mail
 C - a +0 pair of gloves
 D - a +0 plate armour (worn)
Magical Staves
 I - a staff of air
Jewellery
 u - a +4 ring of protection (left hand)
Wands
 k - a wand of iceblast (23)
Scrolls
 e - a scroll of torment
 f - 3 scrolls of teleportation
 n - 2 scrolls of silence
 q - 2 scrolls of magic mapping
 r - 2 scrolls of blinking
 K - a scroll of enchant weapon
Potions
 g - a potion of resistance
 j - 3 potions of lignification
 l - 3 potions of flight
 p - 9 potions of curing
 s - 5 potions of haste
 v - 4 potions of mutation
 w - 5 potions of degeneration
 E - a potion of cancellation
 L - a potion of brilliance


   Skills:
 + Level 6.3 Fighting
 + Level 9.0 Axes
 + Level 5.6 Armour
 + Level 1.6 Dodging
 + Level 0.8 Stealth
 + Level 5.2 Shields


You had 8 spell levels left.
You didn't know any spells.
Your spell library contained the following spells:

 Spells                   Type           Power      Damage    Failure   Level
 Ensorcelled Hibernation  Hex/Ice        0%         N/A       100%        2
 Passwall                 Tmut/Erth      0%         N/A       100%        2
 Gell's Gravitas          Tloc           0%         N/A       100%        3
 Lesser Beckoning         Tloc           0%         N/A       100%        3
 Summon Guardian Golem    Hex/Summ       0%         N/A       100%        3
 Swiftness                Air            0%         N/A       100%        3
 Teleport Other           Tloc           0%         N/A       100%        3
 Animate Dead             Necr           0%         N/A       100%        4
 Borgnjor's Vile Clutch   Necr/Erth      0%         N/A       100%        5
 Death Channel            Necr           0%         N/A       100%        6
 Orb of Destruction       Conj           0%         9d5       100%        7
 Spellforged Servitor     Conj/Summ      0%         N/A       100%        7


Dungeon Overview and Level Annotations

Branches:
Dungeon (7/15)             Temple (1/1) D:4         Ossuary (visited)

Altars:
Ashenzari
Makhleb
Qazlal
Vehumet

Shops:
D:3 :


Innate Abilities, Weirdness & Mutations

You have hoof-like feet.
You are powered by pain.
You are mostly covered in sharp spines.
You are partially covered in razor-sharp scales. (AC +1, Slay +1)


Message History

You hit the boulder beetle.
The boulder beetle is heavily wounded.
The boulder beetle bites you but does no damage.
You hit the boulder beetle but do no damage.
The boulder beetle is moderately wounded.
You slash the steam dragon! The boulder beetle barely misses you.
The steam dragon bites you. The steam dragon barely misses you.
You hit the boulder beetle but do no damage.
The boulder beetle is moderately wounded.
You hit the steam dragon but do no damage.
You block the boulder beetle's attack. The steam dragon closely misses you.
The steam dragon completely misses you.
You hit the boulder beetle but do no damage.
The boulder beetle is moderately wounded.
You closely miss the steam dragon.
The boulder beetle bites you but does no damage.
You block the steam dragon's attack. The steam dragon misses you.
You hit the boulder beetle but do no damage.
The boulder beetle is moderately wounded.
You barely miss the steam dragon.
The boulder beetle is struck by your spines.
The boulder beetle completely misses you.
The steam dragon barely misses you. The steam dragon closely misses you.
You feel very mighty all of a sudden.
The boulder beetle is struck by your spines.
The boulder beetle bites you!
* * * LOW HITPOINT WARNING * * *
The steam dragon closely misses you.
The steam dragon claws you but does no damage.
You hit the boulder beetle but do no damage.
The boulder beetle is heavily wounded.
You slash the steam dragon!
The boulder beetle bites you but does no damage.
The steam dragon misses you.
The steam dragon claws you but does no damage.
The boulder beetle bites you but does no damage.
You feel better. You block the steam dragon's attack.
The steam dragon claws you but does no damage.
The boulder beetle bites you!!
You die...

#8≈.# #####≈≈.###
#...#≈....# ###
#...#.....# #...
#.........# .....
.####.........# #=....
..............####......
.####<.....○.D##......#
#.......@B...#
#.....))..####
######)#### #.# #.# #.#
### #.# ##.# #.# #..#
#.# ##.############


You could see a boulder beetle and a steam dragon.

Vanquished Creatures
  The ghost of rzeia the Cruncher, a novice FoWn of Zin (D:6)
  Grinder (D:6)
  2 water moccasins
  An ice beast (D:7)
  An ogre (D:7)
  2 centaurs
  A kobold brigand (D:6)
  3 elf zombies (Ossuary)
  A bullfrog (D:6)
  A scorpion (D:7)
  2 necrophages
  9 wights (D:7)
  4 killer bees (D:7)
  A howler monkey (D:6)
  2 centaur zombies (Ossuary)
  5 hounds
  2 human zombies (Ossuary)
  A jelly (D:4)
  An orc priest (D:3)
  2 iguanas
  3 mummies
  Robin (D:2)
  6 adders
  A white imp (D:7)
  An ufetubus (D:4)
  An adder zombie (Ossuary)
  2 worms (D:2)
  3 dart slugs
  8 orcs
  6 bats
  9 endoplasms
  2 giant cockroaches (D:3)
  8 hobgoblins
  7 jackals
  2 quokkas
  13 ball pythons
  A frilled lizard (D:1)
  13 goblins
  2 goblin zombies
  8 hobgoblin zombies (Ossuary)
  A jackal zombie (Ossuary)
  14 kobolds
  6 kobold zombies (Ossuary)
  14 orc zombies
  4 rats
179 creatures vanquished.

Notes
Turn   | Place    | Note
-------+----------+-------------------------------------------
     0 | D:1      | jlumianski the Demonspawn Fighter began the quest for the
                  | Orb.
     0 | D:1      | Reached XP level 1. HP: 18/18 MP: 1/1
   581 | D:1      | Gained mutation: You sometimes gain a little power by
                  | taking damage. [demonic ancestry]
   581 | D:1      | Reached XP level 2. HP: 19/24 MP: 2/2
   647 | D:1      | Found a faded altar of an unknown god.
   759 | D:1      | Reached skill level 2 in Axes
  1143 | D:2      | Found a radiant altar of Vehumet.
  1177 | D:3      | Gained mutation: You are partially covered in sharp spines.
                  | [demonic ancestry]
  1177 | D:3      | Reached XP level 3. HP: 10/29 MP: 3/3
  1468 | D:2      | Noticed Robin
  1481 | D:2      | Killed Robin
  1560 | D:2      | Gained mutation: You sometimes gain power by taking damage.
                  | [demonic ancestry]
  1560 | D:2      | Reached XP level 4. HP: 35/37 MP: 4/4
  2114 | D:2      | Identified the +7 dagger "Hokatet" {vorpal, rC+ Int+4
                  | Dex+3}
  2431 | D:3      | Reached skill level 3 in Axes
  2431 | D:3      | Gained mutation: You are powered by pain. [demonic
                  | ancestry]
  2431 | D:3      | Reached XP level 5. HP: 31/42 MP: 5/5
  2510 | D:3      | Found Caazaic's Book Shoppe.
  3153 | D:4      | Found a staircase to the Ecumenical Temple.
  3167 | Temple   | Entered the Ecumenical Temple
  3175 | Temple   | Became a worshipper of Qazlal Stormbringer
  3545 | D:4      | Noticed a centaur
  3559 | D:4      | Killed a centaur
  3560 | D:4      | Reached skill level 4 in Axes
  3560 | D:4      | Gained mutation: You are partially covered in razor-sharp
                  | scales. (AC +1, Slay +1) [demonic ancestry]
  3560 | D:4      | Reached XP level 6. HP: 37/49 MP: 6/6
  3903 | D:5      | Entered Level 5 of the Dungeon
  4032 | D:5      | Reached skill level 1 in Dodging
  4181 | D:5      | Noticed a water moccasin
  4198 | D:5      | Gained mutation: You have large cloven feet. [demonic
                  | ancestry]
  4198 | D:5      | Reached XP level 7. HP: 31/55 MP: 7/7
  4202 | D:5      | Reached skill level 5 in Fighting
  4313 | D:5      | Reached skill level 5 in Axes
  4335 | D:5      | Found a burning altar of Makhleb.
  4472 | D:5      | Found a broken altar of Ashenzari.
  4932 | D:6      | Found a sand-covered staircase.
  4941 | Ossuary  | Entered an ossuary
  4968 | Ossuary  | Reached * piety under Qazlal
  5143 | Ossuary  | Reached ** piety under Qazlal
  5226 | Ossuary  | Reached skill level 6 in Axes
  5252 | Ossuary  | Gained mutation: You have hoof-like feet. [demonic
                  | ancestry]
  5252 | Ossuary  | Reached XP level 8. HP: 62/62 MP: 8/8
  5387 | D:6      | Noticed rzeia's ghost (novice FoWn)
  5387 | D:6      | Found a runed translucent door.
  5440 | D:6      | Killed rzeia's ghost
  5441 | D:6      | Reached skill level 7 in Axes
  5904 | D:6      | Gained mutation: You are mostly covered in sharp spines.
                  | [demonic ancestry]
  5904 | D:6      | Reached XP level 9. HP: 69/69 MP: 9/9
  6040 | D:6      | Noticed Grinder
  6049 | D:6      | Paralysed by Grinder for 7 turns
  6058 | D:6      | Killed Grinder
  6059 | D:6      | Reached skill level 8 in Axes
  6256 | D:7      | Reached skill level 5 in Armour
  6304 | D:7      | Reached *** piety under Qazlal
  6338 | D:7      | Reached skill level 5 in Shields
  6601 | D:7      | Reached skill level 9 in Axes
  6638 | D:7      | Noticed a boulder beetle
  6656 | D:7      | Slain by a boulder beetle

Illustrated notes

Levels and vault maps discovered:
D:1:      dpeg_arrival_windows_large_door, layout_rooms,
          hellmonk_ecumenical_altar_zigzags, serial_forest,
          infiniplex_forest_straight_4, infiniplex_forest_lined_room_,
          infiniplex_forest_3_way, infiniplex_forest_lined_corner,
          infiniplex_forest_clump_large, infiniplex_forest_clump_small,
          infiniplex_forest_straight_2, infiniplex_forest_clump_small,
          chequers_big_river
D:2:      layout_loops_cross, basic_altar, kennysheep_generic_room_2, uniq_robin
D:3:      layout_rooms, serial_shops, nicolae_lakefront_shop
D:4:      layout_loops_ring, minmay_temple_entry_nine_rooms
D:5:      layout_basic, mainiacjoe_overflow_six_doors_small,
          serial_bayou_pond_d, minmay_ruined_shrine
D:6:      layout_basic, nicolae_ossuary_entry_giza, ebering_ghost_sewer_d,
          uniq_grinder
D:7:      minmay_opposing_rooms, layout_rooms, moated_statue,
          kennysheep_windowed_goal
Temple:   mainiacjoe_temple_hex_bubbles

Skill      XL: |  1  2  3  4  5  6  7  8  9 |
---------------+----------------------------+-----
Axes           | 2 3 4 6 7 9 |  9.0
Armour         | 3 4 5 |  5.6
Shields        | 3 4 5 |  5.2
Fighting       | 4 5 6 |  6.3
Dodging        | 1 |  1.6
Stealth        | |  0.8

Action                   |  1- 3 |  4- 6 |  7- 9 || total
-------------------------+-------+-------+-------++-------
Melee: War axe           |    80 |   137 |   237 ||   454
  Use: Scroll            |     5 |     8 |     5 ||    18
       Potion            |     1 |       |     5 ||     6
Armor: Scale mail        |    38 |    80 |       ||   118
       Chain mail        |       |    19 |   100 ||   119
       Plate armour      |       |       |    45 ||    45
Dodge: Dodged            |    32 |    93 |    98 ||   223
Block: Buckler           |    28 |    45 |    80 ||   153

Table legend: (Time is in decaauts)
 A = Elapsed time spent in this place.
 B = Non-inter-level travel time spent in this place.
 C = Inter-level travel time spent in this place.
 D = Time resting spent in this place.
 E = Time spent auto-exploring this place.
 F = Levels seen in this place.
 G = Mean time per level.
                   A        B        C        D        E       F      G
               +--------+--------+--------+--------+--------+-----+--------+
         Total |   6814 |   6727 |     87 |    102 |   4226 |   9 |  757.1 |
       Dungeon |   6425 |   6338 |     87 |    102 |   4223 |   7 |  917.9 |
        Temple |     15 |     15 |      0 |      0 |      3 |   1 |   15.0 |
       Ossuary |    372 |    372 |      0 |      0 |      0 |   1 |  372.0 |
               +--------+--------+--------+--------+--------+-----+--------+

Top non-repeatable levels by time:
     D:4: 1163 daAuts
     D:1: 1158 daAuts
     D:6: 1038 daAuts
     D:2: 1035 daAuts
     D:5: 978 daAuts
     D:3: 625 daAuts
     D:7: 425 daAuts
 Ossuary: 372 daAuts
  Temple: 15 daAuts
